Map: Lightshade LE

Players

Zizou - Winner!

  • Race: Terran Terran
  • League: Diamond
  • Spawn Location: 5:00

Massa

  • Race: Terran Terran
  • League: Platinum
  • Spawn Location: 11:00

VOD

Have the link to the VOD?

Description

Time

  • Played on: Jan. 23, 2021, 4:22 p.m.
  • Length: 26:04
Show
View Real Time Build Order
Export as new Build Order

Zizou Terran - Winner!

Build Orders:  

Get SALT Encoding   

  12  0:00  SCV  
  13  0:12  SCV  
  14  0:19  Supply Depot  
  14  0:29  SCV  
  15  0:36  Refinery  
  15  0:41  SCV  
  16  0:48  Barracks  
  16  0:53  SCV  
  17  1:05  SCV  
  18  1:15  Barracks  
  18  1:18  SCV  
  19  1:30  SCV  
  20  1:45  Orbital Command  
  20  1:48  Supply Depot  
  20  1:56  Barracks Reactor  
  20  2:04  Barracks Tech Lab  
  20  2:09  Reaper  
  20  2:14  Refinery  
  21  2:28  Factory  
  21  2:30  Marauder  
  21  2:36  Command Center  
  23  2:41  Concussive Shells  
  23  2:43  SCV  
  24  2:55  SCV  
  24  2:56  Marauder  
  27  3:01  Supply Depot  
  27  3:07  SCV  
  28  3:16  Marine  
  28  3:17  Marauder  
  28  3:19  Hellion  
  31  3:23  SCV  
  29  3:34  Marine  
  29  3:38  Marine  
  31  3:52  Marine  
  30  4:00  SCV  
  31  4:07  Hellion  
  33  4:12  Starport, SCV  
  31  4:24  SCV  
  32  4:32  Factory Tech Lab  
  32  4:37  Command Center  
  30  4:41  SCV  
  31  4:55  Siege Tank  
  31  4:58  Orbital Command  
  34  5:00  Refinery  
  34  5:02  Refinery  
  34  5:03  Marine  
  35  5:20  Liberator  
  35  5:21  Marine  
  38  5:23  SCV  
  40  5:35  SCV  
  41  5:39  Marine  
  41  5:41  SCV  
  43  5:45  Engineering Bay  
  43  5:47  SCV  
  43  5:48  Supply Depot x3  
  44  5:53  SCV  
  45  5:59  SCV, Marine  
  47  6:09  Barracks  
  47  6:11  Starport Reactor  
  47  6:17  Marine  
  48  6:20  Orbital Command  
  48  6:26  Barracks Tech Lab  
  48  6:33  SCV x2  
  50  6:40  Marine  
  50  6:43  Siege Tank  
  50  6:45  SCV x2  
  56  6:58  Marine  
  57  7:04  SCV  
  57  7:05  SCV x2  
  57  7:07  Terran Infantry Weapons Level 1  
  60  7:11  Medivac  
  60  7:12  Medivac  
  60  7:15  Siege Tank  
  67  7:17  SCV  
  67  7:22  Orbital Command  
  69  7:24  Barracks Reactor  
  69  7:29  Barracks Reactor  
  68  7:39  Stimpack  
  68  7:40  Supply Depot  
  68  7:41  Viking, Supply Depot  
  68  7:42  Viking  
  70  7:47  Siege Tank  
  70  7:55  Missile Turret  
  70  7:58  Missile Turret  
  69  8:12  SCV x3  
  72  8:19  Missile Turret  
  63  8:38  SCV x3  
  64  8:50  SCV x2  
  64  8:51  SCV  
  64  8:52  Marine x2  
  70  9:02  SCV  
  70  9:03  SCV x2  
  70  9:07  Siege Tank  
  70  9:08  Marine x3  
  78  9:10  Marine  
  78  9:12  Terran Infantry Armor Level 1  
  78  9:14  SCV  
  78  9:15  SCV x2  
  82  9:18  Armory  
  82  9:19  Combat Shield  
  82  9:21  Barracks  
  82  9:27  SCV x3, Barracks  
  82  9:28  Medivac x2  
  89  9:39  SCV x3, Siege Tank  
  92  9:51  SCV x2  
  94  9:58  Factory, Medivac, Viking  
  94  9:59  Marine x3  
  101  10:00  SCV  
  101  10:02  Refinery, Starport  
  101  10:03  Refinery, SCV  
  101  10:05  SCV  
  104  10:11  Siege Tank  
  104  10:12  SCV  
  108  10:21  Supply Depot x2  
  108  10:23  Supply Depot  
  108  10:34  Armory  
  108  10:37  Engineering Bay  
  108  10:41  SCV  
  108  10:42  SCV x2, Viking x2  
  115  10:45  Factory Tech Lab, Siege Tank  
  115  10:48  Starport Reactor  
  118  10:53  Marine  
  118  10:54  Marine x4  
  123  10:58  Barracks Reactor x2  
  123  11:11  Marine  
  123  11:12  Marine x3, Medivac, Viking  
  123  11:15  Sensor Tower  
  131  11:19  Sensor Tower  
  131  11:22  Command Center  
  131  11:25  Medivac  
  133  11:32  Supply Depot x2  
  133  11:33  Terran Infantry Weapons Level 2, Supply Depot  
  133  11:34  Supply Depot x2  
  133  11:35  Supply Depot  
  133  11:53  Marine x3, Viking  
  135  12:25  Marine x2  
  135  12:26  Marine x7  
  127  12:43  Marine x9  
  126  13:00  Marine  
  126  13:01  Marine x8  
  135  13:18  Marine  
  135  13:19  Marine x7  
  145  13:20  Marauder  
  142  13:36  Marine  
  142  13:37  Marine x7  
  142  13:40  Marine  
  111  13:51  SCV x3  
  111  13:54  Marine x2  
  111  13:55  Marine x6  
  108  13:58  Marine  
  109  14:03  SCV x3  
  112  14:10  Command Center  
  112  14:12  Siege Tank x2  
  112  14:15  SCV x3  
  121  14:27  SCV x3  
  103  14:39  SCV x3  
  102  14:51  SCV x2  
  104  14:54  Planetary Fortress  
  104  14:56  Siege Tank x2  
  104  14:57  Liberator x4  
  122  15:00  Terran Vehicle Weapons Level 1  
  122  15:01  Terran Ship Weapons Level 1  
  122  15:02  Terran Infantry Weapons Level 3  
  121  15:28  Siege Tank x2  
  127  15:29  Planetary Fortress  
  127  15:31  SCV x3, Sensor Tower  
  127  15:35  SCV  
  131  15:37  Missile Turret  
  131  15:38  Sensor Tower  
  131  15:43  SCV x3  
  131  15:47  SCV  
  134  15:50  Viking  
  134  15:55  SCV x2  
  138  15:57  Missile Turret  
  138  16:00  Missile Turret  
  138  16:08  Missile Turret  
  138  16:10  Viking, Medivac, Missile Turret  
  142  16:18  Refinery  
  142  16:19  Refinery, SCV x3  
  142  16:24  Refinery  
  145  16:26  Refinery  
  145  16:27  Siege Tank  
  145  16:28  Siege Tank  
  151  16:38  Fusion Core  
  151  16:43  Starport  
  151  16:44  Medivac, Viking x2  
  157  16:47  Starport  
  157  16:52  Starport  
  157  16:55  Terran Vehicle And Ship Armor Level 1  
  157  16:56  Terran Infantry Armor Level 2  
  157  16:57  Terran Vehicle Weapons Level 2  
  156  17:08  Siege Tank x2  
  162  17:16  Factory  
  162  17:18  Viking  
  162  17:22  Factory  
  164  17:28  SCV x3  
  164  17:29  SCV, Marine x5  
  171  17:30  Marine x4  
  172  17:37  Starport Tech Lab, Starport Reactor  
  172  17:38  Starport Tech Lab  
  172  17:47  Marine x9  
  181  17:51  SCV  
  182  18:00  SCV x4  
  182  18:04  Marine  
  182  18:05  Marine x7  
  194  18:18  Advanced Ballistics  
  194  18:21  Marine  
  194  18:22  Marine, Medivac  
  194  18:23  Medivac  
  200  18:41  Command Center  
  145  19:02  SCV x5  
  149  19:08  Marine x6  
  149  19:09  Marine x2, Viking x2  
  161  19:10  Medivac x2, Viking x2  
  161  19:11  Factory Tech Lab  
  161  19:12  Factory Tech Lab, Siege Tank  
  161  19:13  Terran Ship Weapons Level 2, Siege Tank  
  161  19:14  SCV  
  176  19:37  Rapid Reignition System  
  176  19:45  Siege Tank x2  
  180  19:47  Marine  
  180  19:48  Marine x8  
  180  19:49  Siege Tank  
  180  19:50  Viking x2, Siege Tank  
  180  19:51  Viking x2  
  189  20:05  SCV, Marine  
  189  20:06  SCV x4, Marine  
  196  20:10  Refinery  
  196  20:11  Refinery  
  196  20:14  Missile Turret  
  196  20:15  Sensor Tower  
  196  20:16  Missile Turret  
  196  20:17  Hi-Sec Auto Tracking, Terran Infantry Armor Level 3, Missile Turret, Siege Tank  
  196  20:18  Missile Turret  
  196  20:19  Terran Vehicle And Ship Armor Level 2  
  199  20:32  Infernal Pre-Igniter  
  199  20:33  Mag-Field Accelerator  
  199  20:34  Weapon Refit  
  195  21:14  Neosteel Armor  
  195  21:20  Planetary Fortress  
  195  21:26  Marine  
  195  21:27  Marine x4  
  195  21:29  Terran Vehicle Weapons Level 3  
  200  21:33  Sensor Tower  
  200  21:37  Command Center  
  200  21:47  Factory x2  
  197  21:48  Factory  
  197  21:50  Factory  
  197  21:51  Drilling Claws  
  197  21:54  Starport, Factory  
  197  21:56  Starport  
  197  21:58  Starport  
  197  22:00  Starport  
  197  22:01  Command Center  
  197  22:13  Smart Servos  
  196  22:18  Sensor Tower  
  175  23:00  Viking  
  175  23:01  Banshee x2  
  183  23:16  Factory Tech Lab x2  
  183  23:17  Factory Reactor x3  
  187  23:20  Hellion x4  
  187  23:24  Planetary Fortress, Missile Turret  
  187  23:25  Sensor Tower  
  191  23:28  Missile Turret  
  193  23:41  Hellion  
  193  23:44  Banshee x2  
  188  24:10  Missile Turret  
  175  24:33  Starport Tech Lab x2  
  175  24:35  Battlecruiser x2  
  164  25:27  Planetary Fortress  
  164  25:36  Starport  
  164  25:39  Starport  
  164  25:40  Starport  
  164  25:41  Starport x2  
  164  25:42  Starport  
  164  25:43  Starport, Sensor Tower  
  164  25:44  Starport  
  164  25:45  Starport  
  164  25:47  Starport  
  164  25:57  Sensor Tower  
Show
View Real Time Build Order
Export as new Build Order

Massa Terran 

Build Orders:  

Get SALT Encoding   

  12  0:00  SCV  
  13  0:12  SCV  
  14  0:19  Supply Depot  
  14  0:24  SCV  
  15  0:41  SCV, Barracks  
  16  0:45  Refinery  
  16  0:53  SCV  
  17  1:05  SCV  
  18  1:17  SCV  
  19  1:29  SCV  
  20  1:38  Command Center  
  20  1:42  Reaper  
  21  1:50  Orbital Command  
  21  1:59  Barracks  
  21  2:12  Supply Depot  
  21  2:14  Reaper  
  22  2:32  SCV  
  22  2:37  Refinery  
  23  2:45  Supply Depot  
  23  2:49  SCV  
  24  2:51  Orbital Command  
  24  2:52  Factory  
  24  2:57  Barracks Tech Lab  
  24  3:02  SCV  
  25  3:14  SCV  
  25  3:29  SCV x2  
  23  3:41  SCV x2  
  25  3:49  Marine  
  25  3:50  Marine  
  24  3:58  SCV x2  
  24  4:02  Hellion  
  26  4:07  Marine  
  26  4:08  Marine  
  28  4:10  SCV x2  
  29  4:22  SCV  
  29  4:24  Hellion  
  30  4:25  Marine  
  30  4:26  Marine  
  30  4:28  SCV  
  32  4:35  SCV  
  33  4:41  SCV  
  33  4:42  Marine  
  35  4:47  Starport, SCV  
  36  4:56  Barracks  
  36  5:07  Stimpack  
  36  5:08  Marine  
  36  5:09  Marauder  
  39  5:14  Refinery  
  39  5:16  Factory Tech Lab  
  37  5:25  Starport Tech Lab  
  37  5:26  Marine  
  38  5:29  Marine  
  38  5:31  SCV x2  
  41  5:40  Siege Tank  
  44  5:43  SCV  
  44  5:44  SCV  
  46  5:56  Supply Depot  
  46  6:00  Engineering Bay  
  46  6:02  Supply Depot  
  46  6:08  Barracks  
  46  6:16  Refinery  
  46  6:17  Banshee, Cloaking Field, Marine x2  
  46  6:18  SCV x2  
  53  6:24  Marauder  
  55  6:26  Supply Depot  
  55  6:30  SCV x2  
  57  6:33  Refinery  
  57  6:35  Marine x2  
  59  6:42  SCV x2  
  61  6:48  Marauder  
  61  6:53  Marine  
  64  6:54  SCV x2  
  66  7:01  Supply Depot x2  
  66  7:03  Banshee, Supply Depot  
  66  7:06  SCV  
  70  7:09  Barracks Reactor  
  70  7:19  Missile Turret  
  70  7:21  Missile Turret  
  70  7:23  SCV x2, Siege Tank  
  70  7:25  Supply Depot  
  74  7:33  Missile Turret  
  72  8:36  Viking  
  71  8:49  Marauder x2, Marine x2  
  71  8:50  Marine, Siege Tank  
  81  9:06  Viking  
  81  9:07  Marine  
  84  9:10  Marauder  
  84  9:11  Barracks Reactor, Marauder  
  88  9:21  Terran Infantry Weapons Level 1  
  88  9:22  Command Center, Siege Tank  
  91  9:25  Armory  
  91  9:29  Factory  
  91  9:31  Factory  
  91  9:32  Marauder  
  93  9:46  SCV x2  
  95  9:55  Siege Tank  
  95  9:57  Medivac  
  95  9:58  SCV x2  
  102  10:02  Corvid Reactor  
  102  10:12  Combat Shield  
  102  10:14  Starport  
  102  10:15  Concussive Shells  
  102  10:16  Factory Reactor  
  102  10:17  Factory Tech Lab  
  102  10:23  Supply Depot  
  102  10:24  Supply Depot x2  
  102  10:25  Supply Depot  
  102  10:34  SCV, Medivac  
  105  10:44  Siege Tank  
  105  10:45  Drilling Claws  
  105  10:49  Supply Depot  
  108  10:51  Starport Reactor  
  108  10:55  SCV x2  
  110  11:02  Marauder x2, Marine x3  
  110  11:03  Viking  
  110  11:04  Marine  
  120  11:07  SCV  
  120  11:08  SCV  
  123  11:14  Planetary Fortress  
  122  11:19  SCV  
  122  11:20  SCV, Marine  
  122  11:23  Marauder x2  
  122  11:24  Hellion x3  
  135  11:29  Hellion  
  135  11:31  SCV  
  135  11:32  SCV, Infernal Pre-Igniter  
  139  11:45  Hellion  
  139  11:46  Hellion x2  
  145  11:47  Sensor Tower  
  145  11:48  Missile Turret  
  145  11:52  Sensor Tower  
  142  12:09  Viking  
  142  12:10  Viking x2  
  141  12:32  Widow Mine x3  
  141  12:33  Widow Mine  
  130  12:53  Widow Mine  
  130  12:54  Widow Mine x2  
  133  13:15  Widow Mine x2  
  134  13:25  Factory Tech Lab  
  132  13:47  Viking x3  
  138  14:13  Sensor Tower  
  138  14:14  Command Center  
  138  14:17  Viking  
  138  14:22  Medivac  
  138  14:23  Medivac  
  74  14:41  Marauder, Marine  
  74  14:42  Marauder, Siege Tank  
  74  14:43  Widow Mine, Siege Tank  
  74  14:44  Widow Mine  
  81  14:47  Medivac  
  81  14:51  Barracks  
  83  14:52  Medivac  
  83  14:53  Marine  
  83  14:54  Supply Depot  
  83  14:59  Marine  
  87  15:03  Marauder x2  
  87  15:05  Widow Mine x2  
  93  15:11  Terran Infantry Weapons Level 2, Marine  
  93  15:12  Barracks  
  90  15:15  Siege Tank x2  
  90  15:16  Terran Vehicle Weapons Level 1  
  90  15:17  Barracks, Engineering Bay  
  96  15:24  Marauder  
  96  15:25  Marauder, Marine  
  101  15:29  Marine  
  102  15:40  Planetary Fortress  
  102  15:43  Marine  
  102  15:45  Marauder  
  102  15:46  Barracks Tech Lab, Marauder  
  102  15:47  Marine  
  108  16:01  Marine, Medivac x2  
  108  16:04  Marine  
  114  16:05  Marine  
  114  16:07  Marauder x2  
  114  16:08  Refinery  
  114  16:09  Refinery, Barracks Reactor  
  119  16:18  SCV x2  
  121  16:19  Marine  
  121  16:22  Marine x2  
  124  16:28  Marauder, Marine  
  124  16:31  Siege Tank  
  130  16:34  Refinery  
  130  16:37  Refinery, Marine  
  130  16:39  Marine  
  131  16:40  Marine  
  131  16:46  Marine  
  134  16:48  Widow Mine x2, Siege Tank  
  134  16:52  Marauder, Marine  
  134  16:53  Marine  
  145  16:54  Marine  
  145  16:58  Marauder, Marine  
  145  17:00  Supply Depot  
  149  17:01  Terran Infantry Armor Level 1  
  149  17:03  Widow Mine  
  149  17:04  Marine  
  152  17:10  Widow Mine, Marine  
  152  17:11  Marine  
  152  17:12  Marine  
  152  17:13  Marine  
  158  17:16  Marine  
  158  17:19  Marine  
  158  17:22  Marine  
  161  17:25  Supply Depot  
  160  17:44  Command Center  
  160  17:47  Widow Mine x3, Siege Tank  
  160  17:49  Supply Depot  
  169  18:08  Widow Mine x2, Siege Tank  
  176  18:13  Supply Depot  
  178  18:20  Widow Mine  
  178  18:29  Widow Mine  
  180  18:38  Supply Depot  
  99  18:53  Marauder x3, Marine  
  99  18:54  Marine x3  
  88  19:06  SCV x3  
  88  19:08  SCV  
  92  19:11  Marine x4  
  92  19:14  Marauder  
  92  19:15  Marauder x2  
  102  19:18  SCV x3  
  102  19:19  Barracks  
  102  19:20  SCV  
  102  19:21  Barracks  
  100  19:29  Marine x4  
  102  19:35  Marauder  
  102  19:36  Marauder x2  
  104  19:46  Marine  
  104  19:47  Marine x3  
  92  19:57  Marauder x3  
  92  19:58  Command Center  
  98  20:02  Viking  
  98  20:03  Viking x2  
  98  20:04  Marine  
  98  20:05  Marine x3  
  98  20:07  Marine  
  109  20:18  Marauder  
  109  20:19  Marauder x2  
  115  20:22  Marine  
  116  20:32  Viking  
  116  20:33  Viking x2  
  122  20:40  Marauder x3  
  114  21:01  Marauder  
  114  21:02  Viking  
  114  21:03  Medivac, Viking  
  122  21:14  Planetary Fortress  
  122  21:22  Siege Tank x2  
  128  21:32  Medivac  
  125  21:41  Missile Turret  
  125  21:54  Siege Tank x2  
  131  22:21  Widow Mine x2  
  131  22:26  Siege Tank x2  
  126  22:43  Widow Mine x2, Marauder  
  126  22:44  Marauder x2, Marine  
  81  23:05  Marauder x3  
  87  23:06  Marine  
  87  23:07  Marine x5  
  93  23:24  Marine x6  
  93  23:26  Marauder  
  105  23:27  Marauder x2  
  105  23:42  Marine x4  
  105  23:48  Marauder x3  
  115  23:50  Command Center  
  105  24:09  Marauder x3  
  108  24:30  Marauder  
  110  24:34  Barracks Reactor, Barracks Tech Lab  
  110  24:36  Marauder x2, Marine x4  
  99  24:52  Marauder  
  69  24:57  Marauder x2, Marine  
  69  24:58  Marine x4  
  69  25:01  Viking, Medivac x2  
  75  25:13  Marauder  
  77  25:15  Marine  
  77  25:16  Marine x4  
  77  25:18  Marauder, Marine  
  85  25:21  Marine x2  
  87  25:31  Medivac x2, Viking  
  87  25:33  Marine x4  
  87  25:34  Marine x2  
  99  25:36  Marine  
  99  25:37  SCV, Orbital Command  
  99  25:38  SCV  
  102  25:49  SCV  
  103  25:50  SCV  
  103  25:52  Missile Turret  
  114  25:58  Refinery  
  114  26:01  Refinery  
Tags
 
Matchup
TvT
Race
Terran
Replay Pack
Multiplayer
Spawn Locations
Cross Positions
Add a new tag
Caveats
  • Supply blocks, unpowered buildings, or Contaminate may cause inaccurate times.
  • Supply counts are checked every 10 seconds.